 Dungeon Crawl Stone Soup version 0.24.1-8-ga250c9d538 (webtiles) character file.

Game seed: 10312602664459155625, levelgen mode: deterministic

172 Hugehornet the Insei (level 5, 0/33 HPs)
             Began as an Octopode Transmuter on May 1, 2020.
             Slain by an orc
             ... wielding a +0 flail
              (5 damage)
             ... on level 3 of the Dungeon.
             The game lasted 00:06:57 (2778 turns).

Hugehornet the Insei (Octopode Transmuter)          Turns: 2778, Time: 00:06:57

Health: 0/33       AC:  2    Str:  9    XL:     5   Next: 53%
Magic:  4/8        EV: 22    Int: 16    God:
Gold:   84         SH:  0    Dex: 18    Spells: 2/8 levels left

rFire    . . .     SeeInvis .     - Unarmed
rCold    . . .     Gourm    .   (shield currently unavailable)
rNeg     . . .     Faith    .   (helmet currently unavailable)
rPois    x         Spirit   .   (no amulet)
rElec    .         Reflect  .   e - +2 ring of evasion
rCorr    +         Harm     .   l - ring of resist corrosion
MR       .....                  (no ring)
Stlth    ++........             (no ring)
HPRegen  0.11/turn              (no ring)
MPRegen  0.11/turn              (no ring)
                                (no ring)
                                (no ring)

@: spider-form (expiring)
A: tiny, almost no armour, stealthy swim, (amphibious), 8 rings, (constrict 8)
a: End Transformation


You were on level 3 of the Dungeon.
You were not hungry.
You were a venomous arachnid creature.
You visited 1 branch of the dungeon, and saw 3 of its levels.

You collected 84 gold pieces.

Inventory:

Missiles
 a - 11 arrows
Jewellery
 e - a +2 ring of evasion (left front leg)
 g - an uncursed amulet of guardian spirit
 l - a ring of resist corrosion (right front leg)
Scrolls
 b - a scroll of teleportation {unknown}
 d - 3 scrolls of remove curse {unknown}
 i - 2 scrolls of magic mapping {unknown}
 j - 3 scrolls of identify {unknown}
 k - a scroll of fog {unknown}
 m - 2 scrolls of enchant armour {unknown}
Potions
 f - a potion of curing
 h - a potion of might {unknown}
 n - a potion of flight {unknown}
Comestibles
 c - 6 rations
 o - 2 chunks of flesh


   Skills:
 - Level 1.0 Fighting
 - Level 2.0 Dodging
 * Level 4.3 Unarmed Combat
 - Level 2.0 Spellcasting
 - Level 3.6 Transmutations
 - Level 3.0 Poison Magic


You had 2 spell levels left.
You knew the following spells:

 Your Spells              Type           Power        Failure   Level  Hunger
a - Beastly Appendage     Tmut           ##....       14%         1    #......
b - Sticks to Snakes      Tmut           ##......     19%         2    ###....
c - Spider Form           Tmut/Pois      ##........   34%         3    ###....

Your spell library contained the following spells:

 Spells                   Type           Power        Failure   Level  Hunger
 Ice Form                 Ice/Tmut       #.......     86%         4    #####..
 Blade Hands              Tmut           ##........   91%         5    ######.


Dungeon Overview and Level Annotations

Branches:
Dungeon (3/15)

Altars:
Okawaru
Sif Muna
Wu Jian
Yredelemnul


Innate Abilities, Weirdness & Mutations

You cannot wear most types of armour.
You are very stealthy in the water. (Stealth+)
((You are amphibious.))
You can wear up to eight rings at the same time.
((You can use your tentacles to constrict eight enemies at once.))
((Your skin changes colour to match your surroundings (Stealth+).))
((Your rubbery body absorbs attacks. (AC +1, EV +1)))


Message History

The orc priest closely misses you. The leopard gecko closely misses you.
You hit the orc priest.
You kill the orc priest!
Your Unarmed Combat skill increases to level 4!
Your transformation is almost over.
The leopard gecko closely misses you.
You hit the leopard gecko but do no damage.
The leopard gecko is poisoned.
The leopard gecko is moderately wounded.
The leopard gecko completely misses you.
You bite the leopard gecko!
You kill the leopard gecko!
You barely miss the orc. The orc misses you. The orc completely misses you.
You hit the orc.
The orc is poisoned.
The orc is lightly wounded.
Your magical contamination has completely faded away.
You bite the orc!
You kill the orc!
The orc hits you with a +0 flail.
You die...

###...## ###...#..#
#####÷.......##
###......)......#
##...##.#.)......##
...#..#.....#..†..#
......##........#.##
†......#........)o?#
.......##.......s#.#
..#.....#..#...###o#
......#.##...###o.)#
.........#.###..o#S.
.......#
###........#
.#...### ..... ....
...### .#........#
.... #...!. #...
....#.#


You could see an orc.

Vanquished Creatures
  An orc priest (D:3)
  4 gnolls
  4 adders
  An ooze (D:2)
  A worm (D:2)
  A dart slug (D:1)
  3 leopard geckos
  3 orcs (D:3)
  5 giant cockroaches
  9 goblins
  A hobgoblin (D:3)
  3 jackals (D:3)
  A ball python (D:2)
  3 bats
  4 frilled lizards
  9 kobolds
  7 rats
60 creatures vanquished.

Vanquished Creatures (collateral kills)
  A quokka (D:2)
1 creature vanquished.

Grand Total: 61 creatures vanquished

Notes
Turn   | Place    | Note
-------+----------+-------------------------------------------
     0 | D:1      | Hugehornet the Octopode Transmuter began the quest for the
                  | Orb.
     0 | D:1      | Reached XP level 1. HP: 13/13 MP: 3/3
   348 | D:1      | Reached XP level 2. HP: 12/18 MP: 1/5
   447 | D:1      | Learned a level 2 spell: Sticks to Snakes
   917 | D:2      | Reached XP level 3. HP: 19/23 MP: 4/6
  1012 | D:2      | Learned a level 3 spell: Spider Form
  1244 | D:1      | Reached skill level 1 in Poison Magic
  1453 | D:2      | Reached XP level 4. HP: 8/28 MP: 0/7
  1696 | D:2      | Found an iron altar of Okawaru.
  2022 | D:2      | Found an ornate altar of the Wu Jian Council.
  2069 | D:2      | Found a basalt altar of Yredelemnul.
  2123 | D:2      | Found a shimmering blue altar of Sif Muna.
  2591 | D:3      | Reached XP level 5. HP: 33/33 MP: 6/8
  2773 | D:3      | Reached skill level 4 in Unarmed Combat
  2778 | D:3      | Slain by an orc

Levels and vault maps discovered:
D:1:      nzn_arrival_settlement, layout_basic, chequers_garden
D:2:      layout_rooms, led_sif_pool, lemuel_crystal_altar, lemuel_round_altar,
          overflow_temple_1_default, first_ration, kennysheep_nondescript
D:3:      minmay_skewed_foursquare, layout_loops_ring, overflow_temple_1_default

Skill      XL: |  1  2  3  4  5 |
---------------+----------------+-----
Transmutations | 3 |  3.6
Poison Magic   | 2 3 |  3.0
Unarmed Combat | 4 |  4.3
Fighting       | |  1.0
Dodging        | |  2.0
Spellcasting   | |  2.0

Action                   |  1- 3 |  4- 6 || total
-------------------------+-------+-------++-------
Melee: Unarmed           |    59 |    84 ||   143
       Constrict         |    14 |    11 ||    25
       Tentacles         |     9 |     8 ||    17
       Kick              |     9 |     8 ||    17
       Punch             |     1 |       ||     1
 Cast: Beastly Appendage |    16 |    10 ||    26
       Spider Form       |     1 |     3 ||     4
       Sticks to Snakes  |     1 |       ||     1
  Use: Potion            |       |     2 ||     2
 Stab: Sleeping          |     5 |     2 ||     7
  Eat: Ration            |     1 |       ||     1
       Chunk             |       |     4 ||     4
Armor: Skin              |     2 |     5 ||     7
Dodge: Dodged            |    34 |    84 ||   118
